 Dungeon Crawl Stone Soup version 0.30-a0-956-gcec3b41aec (webtiles) character file.

Game seed: 13614998780175382633

2772 dredge the Carver (level 9, -5/81 HPs)
             Began as a Minotaur Berserker on Mar 29, 2023.
             Was an Elder of Trog.
             Killed by divine providence
             ... invoked by an orc priest
              (12 damage)
             ... on level 7 of the Dungeon.
             The game lasted 00:18:31 (6170 turns).

dredge the Carver (Minotaur Berserker)              Turns: 6170, Time: 00:18:31

Health: -5/81      AC: 12    Str: 28    XL:     9   Next: 42%
Magic:  8/8        EV: 11    Int:  4    God:    Trog [****..]
Gold:   373        SH:  0    Dex: 20    Spells: 8/8 levels left

rFire   . . .      SeeInvis .    a - +0 falchion
rCold   . . .      Faith    .    (no shield)
rNeg    . . .      Spirit   .    c - +0 chain mail
rPois   .          Reflect  .    (helmet restricted)
rElec   .          Rampage  .    b - +0 cloak
rCorr   .                        (no gloves)
Will    .....                    (no boots) Stlth
                                 i - amulet of magic regeneration
HPRegen 0.33/turn                k - +6 ring of dexterity
MPRegen 0.51/turn                u - +6 ring of strength

@: no status effects
A: horns 2, retaliatory headbutt
a: Renounce Religion, Berserk, Trog's Hand, Brothers in Arms


You were on level 7 of the Dungeon.
You worshipped Trog.
Trog was greatly pleased with you.
You visited 1 branch of the dungeon, and saw 7 of its levels.

You collected 373 gold pieces.

Inventory:

Hand Weapons
 a - a +0 falchion (weapon)
 g - a +2 short sword of draining
 l - a +2 whip of freezing
Missiles
 j - 3 poisoned darts (quivered)
Armour
 b - a +0 cloak (worn)
 c - a +0 chain mail (worn)
Jewellery
 i - an amulet of magic regeneration (around neck)
 k - a +6 ring of dexterity (left hand)
 s - a ring of poison resistance
 t - a ring of poison resistance
 u - a +6 ring of strength (right hand)
Wands
 d - a wand of paralysis (4)
Scrolls
 h - a scroll of amnesia
 m - 2 scrolls of noise {unknown}
 n - a scroll of poison {unknown}
 o - 2 scrolls of silence
 p - a scroll of identify
 r - 2 scrolls of teleportation {unknown}
Potions
 f - a potion of degeneration
 q - 2 potions of attraction


   Skills:
 + Level 7.9 Fighting
 + Level 10.6 Long Blades
 + Level 8.9 Armour
 + Level 4.3 Dodging
 + Level 0.9 Stealth


You had 8 spell levels left.
You didn't know any spells.
Your spell library contained the following spells:

 Spells                   Type           Power      Damage    Failure   Level
 Magic Dart               Conj           0%         1d3       95%         1
 Necrotise                Necr           0%         1d4       95%         1
 Call Imp                 Summ           0%         N/A       98%         2
 Kindle Blastsparks       Fire/Tloc/Air  0%         2d10      100%        3
 Mephitic Cloud           Conj/Pois/Air  0%         N/A       100%        3
 Portal Projectile        Hex/Tloc       0%         N/A       100%        3
 Tukima's Dance           Hex            0%         N/A       100%        3
 Vampiric Draining        Necr           0%         2d6       100%        3
 Fulminant Prism          Conj/Hex       0%         3d5       100%        4
 Iskenderun's Mystic Bla  Conj/Tloc      0%         2d3       100%        4
 Agony                    Necr           0%         N/A       100%        5
 Blade Hands              Tmut           0%         N/A       100%        5
 Lee's Rapid Deconstruct  Erth           0%         3d4*      100%        5


Dungeon Overview and Level Annotations

Branches:
Dungeon (7/15)             Temple (0/1) D:5

Altars:
Fedhas
Qazlal
Ru
Yredelemnul

Shops:
D:5 :   D:6 [!


Innate Abilities, Weirdness & Mutations

You have a pair of horns on your head.
You reflexively headbutt those who attack you in melee.


Message History

The orc warrior is severely wounded.
You hear some strange, mumbled words.
A puff of flame appears from out of thin air!
The puff of flame hits you but does no damage.
The orc warrior barely misses you.
You hit the orc warrior but do no damage.
The orc warrior is severely wounded.
The orc warrior hits you with a +0 war axe.
* * * LOW HITPOINT WARNING * * *
Something hits you.
* * * LOW HITPOINT WARNING * * *
You feel better. Something completely misses you. The orc warrior misses you.
Okay, then.
You hit the orc warrior but do no damage.
The orc warrior is severely wounded.
The orc warrior hits you but does no damage.
Something hits you but does no damage.
You hit the orc warrior but do no damage.
The orc warrior is severely wounded.
You hit the orc warrior but do no damage.
The orc warrior is severely wounded.
The orc warrior closely misses you. Something hits you but does no damage.
The orc priest calls down the wrath of Beogh upon you.
Something writhes in agony!
Reactivating autopickup.
You hit the orc warrior but do no damage.
You headbutt the orc warrior.
The orc warrior is almost dead.
The orc warrior hits you with a +0 war axe!
* * * LOW HITPOINT WARNING * * *
You hit the orc warrior but do no damage.
You headbutt the orc warrior.
You kill the orc warrior!
Trog accepts your kill.
The orc priest hits you but does no damage.
You closely miss the orc priest. You closely miss the orc priest.
The orc priest mumbles some strange prayers to Beogh against you.
Beogh smites you!
You die...

.................
##.#..<.........
#.##...........
#..##..........
#...#....#....
###..)##......
#..$# ......
###o##.....##.
#.)@# ...###
#?##....## #.
....... # ##.####
.# ##


You could see an orc priest.

Vanquished Creatures
  Pikel (D:5)
  A troll (D:7)
  Prince Ribbit (D:5)
  An orc warrior (D:7)
  2 ice beasts (D:6)
  2 black bears
  2 ogres
  2 necrophages (D:4)
  4 scorpions
  2 wights
  A howler monkey (D:6)
  A bullfrog zombie (D:4)
  A human zombie (D:4)
  2 hounds
  3 jellies
  2 orc priests
  2 iguanas (D:6)
  Jessica (D:2)
  A sleepcap (D:6)
  3 orc wizards (D:6)
  A scorpion zombie (D:4)
  2 hound zombies (D:4)
  3 mummies (D:4)
  Robin (D:2)
  3 gnolls (D:3)
  6 adders
  An adder zombie (D:4)
  3 worms
  4 dart slugs
  17 orcs
  10 ball pythons
  2 endoplasms
  5 giant cockroaches
  11 goblins
  10 hobgoblins
  7 quokkas
  4 bats
  8 frilled lizards
  7 kobolds
  7 rats
147 creatures vanquished.

Vanquished Creatures (others)
  An orc wizard (D:7)
  2 plants (D:3)
3 creatures vanquished.

Grand Total: 150 creatures vanquished

Notes
Turn   | Place    | Note
-------+----------+-------------------------------------------
     0 | D:1      | dredge the Minotaur Berserker began the quest for the Orb.
     0 | D:1      | Reached XP level 1. HP: 19/19 MP: 0/0
   177 | D:1      | Reached XP level 2. HP: 27/27 MP: 1/1
   242 | D:1      | Reached skill level 4 in Long Blades
   359 | D:1      | Reached ** piety under Trog
   360 | D:1      | Reached XP level 3. HP: 33/33 MP: 2/2
   818 | D:2      | Noticed Jessica
   821 | D:2      | Killed Jessica
   836 | D:2      | Reached XP level 4. HP: 41/41 MP: 3/3
  1011 | D:2      | Noticed Robin
  1054 | D:2      | Killed Robin
  1238 | D:2      | Noticed a scorpion
  1243 | D:2      | Reached skill level 5 in Long Blades
  1246 | D:2      | Reached *** piety under Trog
  1256 | D:2      | Killed a scorpion
  1257 | D:2      | Reached skill level 5 in Fighting
  1257 | D:2      | Reached XP level 5. HP: 31/48 MP: 4/4
  2393 | D:3      | Found a faded altar of an unknown god.
  2689 | D:4      | Found a blossoming altar of Fedhas.
  2813 | D:4      | Reached skill level 6 in Long Blades
  2813 | D:4      | Reached XP level 6. HP: 54/56 MP: 5/5
  3500 | D:4      | Found a basalt altar of Yredelemnul.
  3520 | D:4      | Reached XP level 7. HP: 48/61 MP: 6/6
  3574 | D:4      | Reached skill level 7 in Long Blades
  3584 | D:4      | Reached skill level 5 in Armour
  3896 | D:5      | Entered Level 5 of the Dungeon
  4069 | D:5      | Noticed Prince Ribbit
  4071 | D:5      | Noticed Pikel
  4081 | D:5      | Killed Prince Ribbit
  4082 | D:5      | Reached skill level 8 in Long Blades
  4082 | D:5      | Reached XP level 8. HP: 24/71 MP: 7/7
  4097 | D:5      | Killed Pikel
  4098 | D:5      | Reached skill level 9 in Long Blades
  4358 | D:5      | Found Suduis's Book Boutique.
  4742 | D:5      | Found a staircase to the Ecumenical Temple.
  4784 | D:6      | Reached **** piety under Trog
  5022 | D:6      | Found a sacrificial altar of Ru.
  5106 | D:6      | Reached XP level 9. HP: 74/79 MP: 8/8
  5353 | D:6      | Found Gylemet's Distillery.
  5523 | D:6      | Reached skill level 10 in Long Blades
  5527 | D:6      | Found a stormy altar of Qazlal.
  6036 | D:6      | Found Lancelot's Dragon-Slaying Spoils.
  6126 | D:7      | Noticed a troll
  6136 | D:7      | Killed a troll
  6170 | D:7      | Killed from afar by an orc priest

Illustrated notes

Levels and vault maps discovered:
D:1:      minmay_arrival_three_doors, layout_loops_ring, minmay_lizard_pond
D:2:      layout_basic, serial_glass, glass_columns_a, glass_columns_a,
          glass_columns_a, glass_columns_b, due_unseen_surprise,
          minmay_strange_pillars, item_on_display_a, uniq_robin, uniq_jessica
D:3:      layout_loops_cross, nicolae_ecumenical_lake_church, chequers_big_river
D:4:      layout_loops_corners, lemuel_mausoleum_altar_yredelemnul,
          mainiacjoe_overflow_24_doors
D:5:      layout_basic, minmay_temple_entry_fiery, serial_shops,
          nicolae_stop_n_shop_2, uniq_pikel, uniq_prince_ribbit1
D:6:      layout_basic, nicolae_ru_sacrificial_ziggurat, amcnicky_altar_gilded,
          serial_shops, nicolae_shop_advertising_works
          [nicolae_subvault_shop_adworks], nicolae_shop_dragon_depot
D:7:      layout_rooms, kennysheep_slug_shrine, serial_shops, shop,
          serial_bayou_pond_e, minmay_fractal_squares_diagonal_5, uniq_duvessa

Skill      XL: |  1  2  3  4  5  6  7  8  9 |
---------------+----------------------------+-----
Fighting       | 4 5 6 7 |  7.9
Long Blades    | 4 5 6 8 9 10 | 10.6
Armour         | 3 4 6 8 |  8.9
Dodging        | 3 4 |  4.3
Stealth        | |  0.9

Action                     |  1- 3 |  4- 6 |  7- 9 || total
---------------------------+-------+-------+-------++-------
  Melee: Falchion          |    90 |   215 |   224 ||   529
         Headbutt          |    16 |    32 |    58 ||   106
         Punch             |       |     3 |     4 ||     7
    Use: Potion            |       |     4 |     3 ||     7
         Scroll            |       |     4 |     3 ||     7
 Armour: Chain mail        |    32 |   130 |   102 ||   264
  Dodge: Dodged            |    54 |   110 |    82 ||   246

Table legend: (Time is in decaauts)
 A = Elapsed time spent in this place.
 B = Non-inter-level travel time spent in this place.
 C = Inter-level travel time spent in this place.
 D = Time resting spent in this place.
 E = Time spent auto-exploring this place.
 F = Levels seen in this place.
 G = Mean time per level.
                   A        B        C        D        E       F      G
               +--------+--------+--------+--------+--------+-----+--------+
         Total |   6150 |   5945 |    205 |    611 |   3988 |   7 |  878.6 |
       Dungeon |   6150 |   5945 |    205 |    611 |   3988 |   7 |  878.6 |
               +--------+--------+--------+--------+--------+-----+--------+

Top non-repeatable levels by time:
     D:6: 1343 daAuts
     D:4: 1280 daAuts
     D:3: 1040 daAuts
     D:2: 933 daAuts
     D:5: 863 daAuts
     D:1: 651 daAuts
     D:7: 37 daAuts
